 Dungeon Crawl Stone Soup version 0.31-a0-1-g4198be8af4 (webtiles) character file.

Game seed: 5002259557748432709

8154 Ahpoh the Carver (level 11, -13/52 (56) HPs)
             Began as a Vine Stalker Fighter on May 1, 2023.
             Mangled by an enormous slime creature (19 damage)
             ... on level 9 of the Dungeon.
             The game lasted 00:24:16 (8082 turns).

Ahpoh the Carver (Vine Stalker Fighter)             Turns: 8082, Time: 00:24:17

HP:   -13/52 (56)   AC: 12    Str: 19    XL:     11   Next: 26%
MP:   0/12          EV: 12    Int:  8    God:
Gold: 610           SH:  7    Dex: 24    Spells: 10/10 levels left

rFire   . . .        a - +1 long sword
rCold   . . .        c - +0 buckler
rNeg    . . .        b - +0 scale mail
rPois   +            p - +0 helmet
rElec   .            (no cloak)
rCorr   .            g - +0 pair of gloves
SInv    .            (no boots)
Will    +....        (no amulet)
Stlth   +            j - +6 ring of dexterity
HPRegen 1.08/turn    l - ring of poison resistance
MPRegen 0.13/turn

%: guardian spirit
@: mighty, drained
A: fangs 3, regeneration 1, magic shield, antimagic bite, no potion heal 2,
iridescent scales 1, sense surroundings 1
a: no special abilities


You were on level 9 of the Dungeon.
You visited 2 branches of the dungeon, and saw 10 of its levels.

You collected 610 gold pieces.

Inventory:

Hand Weapons
 a - a +1 long sword (weapon)
 G - a +1 broad axe of flaming
Missiles
 v - a throwing net (quivered)
Armour
 b - a +0 scale mail (worn)
 c - a +0 buckler (worn)
 g - a +0 pair of gloves (worn)
 p - a +0 helmet (worn)
 D - a +0 chain mail
Jewellery
 i - a ring of flight
 j - a +6 ring of dexterity (left hand)
 l - a ring of poison resistance (right hand)
 C - a ring of protection from cold
 E - a ring of resist corrosion
Wands
 d - a wand of quicksilver (10)
 y - a wand of flame (6)
 z - a wand of polymorph (22)
 A - a wand of iceblast (27)
Scrolls
 e - a scroll of blinking
 h - 3 scrolls of fear
 k - 4 scrolls of amnesia
 o - a scroll of enchant weapon
 q - 2 scrolls of noise {unknown}
 r - 2 scrolls of identify
 u - a scroll of torment {unknown}
 w - 2 scrolls of enchant armour {unknown}
 x - a scroll of magic mapping
 B - 3 scrolls of teleportation
 F - a scroll of poison
Potions
 f - a potion of heal wounds
 m - 2 potions of mutation
 n - a potion of attraction {unknown}
 s - 2 potions of brilliance {unknown}
 t - a potion of cancellation {unknown}
 H - a potion of might
 I - a potion of curing


   Skills:
 + Level 6.2 Fighting
 + Level 10.6 Long Blades
 + Level 7.5 Armour
 + Level 3.6 Dodging
 + Level 1.7 Stealth
 + Level 5.9 Shields


You had 10 spell levels left.
You didn't know any spells.
Your spell library contained the following spells:

 Spells                   Type           Power      Damage    Failure   Level
 Blink                    Tloc           0%         N/A       91%         2
 Scorch                   Fire           0%         2d5       91%         2
 Sublimation of Blood     Necr           0%         N/A       91%         2
 Flame Wave               Conj/Fire      0%         2d4       100%        4
 Manifold Assault         Tloc           0%         N/A       100%        4
 Petrify                  Tmut/Erth      0%         N/A       100%        4
 Summon Ice Beast         Ice/Summ       0%         N/A       100%        4
 Irradiate                Conj/Tmut      0%         3d11      100%        5
 Plasma Beam              Fire/Air       0%         2x1d11    100%        6
 Summon Cactus Giant      Summ           0%         N/A       100%        6
 Storm Form               Tmut/Air       0%         N/A       100%        7


Dungeon Overview and Level Annotations

Branches:
Dungeon (9/15)             Temple (1/1) D:7            Lair (0/5) D:8
    Orc: D:9-12

Altars:
Ashenzari
Cheibriados
Elyvilon
Fedhas
Gozag
Hepliaklqana
Kikubaaqudgha
Makhleb
Nemelex Xobeh
Okawaru
Qazlal
Ru
Sif Muna
Trog
Vehumet
Wu Jian
Xom
Yredelemnul
Zin
The Shining One

Shops:
D:3 :   D:6 =


Innate Abilities, Weirdness & Mutations

You have razor-sharp teeth.
Your natural rate of healing is unusually fast.
When hurt, damage is shared between your health and your magic reserves.
Your bite disrupts and absorbs the magic of your enemies.
Potions cannot restore your health.
You are partially covered in iridescent scales. (AC +2)
You passively map a small area around you.


Message History

Two slime creatures merge to form a large slime creature.
You slash the orc!
You kill the orc!
You hit the large slime creature but do no damage.
Your bite misses the large slime creature.
The large slime creature hits you!!
A slime creature comes into view.
You feel very mighty all of a sudden.
The slime creature quivers.
The large slime creature hits you!!
Ouch! That really hurt!
* * * LOW HITPOINT WARNING * * *
Two slime creatures merge to form an enormous slime creature.
You slice the enormous slime creature!! You bite the enormous slime creature!
You drain its power.
You feel invigorated.
The enormous slime creature is lightly wounded.
An orc comes into view. It is wielding a +0 dagger.
You slash the enormous slime creature! You bite the enormous slime creature!
You drain its power.
The enormous slime creature is moderately wounded.
The orc wizard mumbles some strange words.
The orc wizard flickers and vanishes!
Deactivating autopickup; reactivate with Ctrl-A.
You slash the enormous slime creature! You bite the enormous slime creature.
You drain its power.
The enormous slime creature is moderately wounded.
The enormous slime creature hits you!!
* * * LOW HITPOINT WARNING * * *
You hit the enormous slime creature.
The enormous slime creature is moderately wounded.
An orc comes into view. It is wielding a +0 war axe.
You block the enormous slime creature's attack.
You hit the enormous slime creature. You bite the enormous slime creature!
You drain its power.
You feel invigorated.
The enormous slime creature is moderately wounded.
You slash the enormous slime creature! You bite the enormous slime creature.
You drain its power.
The enormous slime creature is heavily wounded.
The enormous slime creature hits you!!
You die...

.##'#......#......#....#....<....
#'.........#......#....#.........
.#.........#......##...+.........
.#.........#.......#...#.........
.+.........####..################
.#..........^.####, .... , ,,
.#...............# ...o.
##.......######.##J..... ,
...#####.# #.@J{oo..., #### #.#
####o.#[.. , #.# * .# ,, ### *,
.., , , ** ##


You could see an enormous slime creature, a slime creature and 4 orcs.

Vanquished Creatures
  Pikel (D:4)
  The ghost of zlionsfan the Ducker, a novice GnMo of Trog (D:5)
  Psyche (D:8)
  Maggie (D:9)
  Sigmund (D:4)
  A shadow (D:9)
  10 yaks
  Eustachio (D:6)
  5 humans
  A steam dragon (D:7)
  An acid dragon (D:9)
  A water moccasin (D:8)
  4 orc warriors
  3 ice beasts
  A sky beast (D:8)
  A black bear (D:5)
  3 ogres
  4 phantoms
  A centaur (D:9)
  A lemure (D:4)
  3 bullfrogs
  Blork the orc (D:6)
  3 scorpions
  11 killer bees
  4 howler monkeys
  A hound (D:4)
  12 orc priests
  6 jellies
  2 gnoll boudas
  An iguana (D:4)
  A sleepcap (D:5)
  15 orc wizards
  6 gnolls
  6 adders
  5 white imps
  A worm (D:3)
  The ghost of ragingrage the Sneak, a weakling DjDe (D:5)
  5 dart slugs
  42 orcs
  9 ball pythons
  8 bats
  4 endoplasms
  6 giant cockroaches
  6 goblins
  5 hobgoblins
  5 jackals
  4 quokkas
  5 frilled lizards
  5 kobolds
  10 rats
236 creatures vanquished.

Vanquished Creatures (others)
  5 withered plants (D:5)
5 creatures vanquished.

Grand Total: 241 creatures vanquished

Notes
Turn   | Place    | Note
-------+----------+-------------------------------------------
     0 | D:1      | Ahpoh the Vine Stalker Fighter began the quest for the Orb.
     0 | D:1      | Reached XP level 1. HP: 11/11 MP: 2/2
   116 | D:1      | Reached XP level 2. HP: 15/16 MP: 1/3
   263 | D:1      | Reached skill level 2 in Long Blades
   596 | D:1      | Reached XP level 3. HP: 16/19 MP: 2/4
  1029 | D:2      | Found a broken altar of Ashenzari.
  1073 | D:2      | Gained mutation: You are partially covered in iridescent
                  | scales. (AC +2) [potion of mutation]
  1073 | D:2      | Gained mutation: You passively map a small area around you.
                  | [potion of mutation]
  1285 | D:2      | Gained mutation: Your natural rate of healing is unusually
                  | fast. [Vine Stalker growth]
  1285 | D:2      | Reached XP level 4. HP: 23/23 MP: 5/5
  1611 | D:3      | Reached skill level 3 in Long Blades
  1641 | D:3      | Found a faded altar of an unknown god.
  1686 | D:3      | Reached XP level 5. HP: 12/28 MP: 3/6
  1771 | D:3      | Got Sokis's Directory of Glacial Embers
  1791 | D:3      | Found Ypananaf's Book Shoppe.
  1813 | D:3      | Found a sparkling altar of Nemelex Xobeh.
  2279 | D:4      | Reached XP level 6. HP: 32/32 MP: 7/7
  2340 | D:4      | Noticed Pikel
  2353 | D:4      | Killed Pikel
  2354 | D:4      | Reached skill level 5 in Long Blades
  2354 | D:4      | Reached skill level 1 in Dodging
  2354 | D:4      | Reached XP level 7. HP: 25/36 MP: 3/8
  2471 | D:4      | Noticed Sigmund
  2504 | D:4      | Gained mutation: You have razor-sharp teeth. [Vine Stalker
                  | growth]
  2504 | D:4      | Reached XP level 8. HP: 29/42 MP: 6/9
  2827 | D:4      | Killed Sigmund
  2828 | D:4      | Reached skill level 6 in Long Blades
  3252 | D:5      | Entered Level 5 of the Dungeon
  3252 | D:5      | Found a runed translucent gate.
  3252 | D:5      | Found a runed translucent gate.
  3253 | D:5      | Found a runed translucent gate.
  3256 | D:5      | Noticed zlionsfan's ghost (novice GnMo)
  3256 | D:5      | Noticed ragingrage's ghost (weakling DjDe)
  3349 | D:5      | Found an ancient bone altar of Kikubaaqudgha.
  3383 | D:5      | Found a white marble altar of Elyvilon.
  3649 | D:5      | Reached skill level 5 in Armour
  3734 | D:5      | Reached XP level 9. HP: 46/46 MP: 10/10
  4039 | D:5      | Killed zlionsfan's ghost
  4040 | D:5      | Reached skill level 7 in Long Blades
  4044 | D:5      | Killed ragingrage's ghost
  4235 | D:6      | Reached skill level 8 in Long Blades
  4266 | D:6      | Noticed Eustachio
  4272 | D:6      | Killed Eustachio
  4273 | D:6      | Reached skill level 5 in Fighting
  4557 | D:6      | Found Guyr's Jewellery Shoppe.
  4616 | D:6      | Found an ornate altar of the Wu Jian Council.
  4624 | D:6      | Noticed Blork the orc
  4634 | D:6      | Killed Blork the orc
  4812 | D:6      | Reached XP level 10. HP: 51/51 MP: 11/11
  4918 | D:6      | Reached skill level 9 in Long Blades
  5279 | D:7      | Reached skill level 1 in Stealth
  5658 | D:7      | Found a glowing silver altar of Zin.
  5794 | D:7      | Found a staircase to the Ecumenical Temple.
  5810 | Temple   | Entered the Ecumenical Temple
  6075 | D:7      | HP: 1/51 [steam dragon (3)]
  6311 | D:7      | Reached skill level 5 in Shields
  6356 | D:8      | Noticed Maurice
  6791 | D:8      | Reached skill level 10 in Long Blades
  6852 | D:8      | Found a staircase to the Lair.
  6906 | D:8      | Maurice changed into Maurice the water moccasin
  6906 | D:8      | Noticed Maurice
  6914 | D:8      | Killed Maurice the water moccasin
  7013 | D:7      | Reached XP level 11. HP: 19/56 MP: 7/12
  7071 | D:8      | Noticed Psyche
  7084 | D:8      | Killed Psyche
  7713 | D:9      | Noticed Maggie
  7724 | D:9      | Killed Maggie
  7984 | D:9      | Found a sacrificial altar of Ru.
  8079 | D:9      | HP: 2/52 [enormous slime creature (10)]
  8082 | D:9      | Mangled by an enormous slime creature

Illustrated notes

Levels and vault maps discovered:
D:1:      dpeg_arrival_boxorama, layout_loops_ring
D:2:      layout_rooms, basic_altar, hangedman_decor_growths,
          chequers_serial_rivers_small_b, kennysheep_generic_room_8
D:3:      layout_basic, mainiacjoe_overflow_tiny_flanked, serial_glass,
          glass_columns_a, glass_columns_a,
          hellmonk_ecumenical_altar_prayer_group, serial_shops,
          nicolae_shop_advertising_works [nicolae_subvault_shop_adworks],
          minmay_misc_feat_room, kennysheep_generic_room_5
D:4:      layout_loops_ring, uniq_pikel, uniq_sigmund
D:5:      layout_loops_ring, mainiacjoe_overflow_small_starburst,
          lemuel_round_altar, gammafunk_ghost_cemetery
D:6:      layout_loops_ring, nicolae_wu_jian_wuxing_cycle, columned_hall_lemuel,
          minmay_shop_enchanted_jewellery, uniq_blork_the_orc, uniq_eustachio
D:7:      layout_basic, mainiacjoe_overflow_alcove_4,
          minmay_temple_entry_nine_rooms
D:8:      layout_cave_pods, lair_entry_dummy, enter_bailey_2, minmay_ruffians,
          uniq_psyche, uniq_maurice
D:9:      layout_irregular_city, mainiacjoe_overflow_24_doors, erik_orc_1,
          uniq_maggie
Temple:   minmay_temple_curvy_branch

Skill      XL: |  1  2  3  4  5  6  7  8  9 10 11 |
---------------+----------------------------------+-----
Long Blades    | 2 3 5 6 8 10 | 10.6
Shields        | 3 4 5 |  5.9
Fighting       | 3 4 5 6 |  6.2
Armour         | 3 4 5 6 7 |  7.5
Dodging        | 1 2 3 |  3.6
Stealth        | 1 |  1.7

Action                     |  1- 3 |  4- 6 |  7- 9 | 10-12 || total
---------------------------+-------+-------+-------+-------++-------
  Melee: Long sword        |    99 |   109 |   225 |   357 ||   790
         Bite              |    19 |    24 |    82 |   153 ||   278
  Evoke: Wand              |       |       |       |     1 ||     1
    Use: Potion            |     3 |     1 |     6 |     2 ||    12
         Scroll            |     3 |     2 |     5 |       ||    10
 Armour: Scale mail        |    50 |    74 |    80 |   177 ||   381
  Dodge: Dodged            |    45 |    56 |    97 |   164 ||   362
  Block: Buckler           |    20 |    38 |    45 |   121 ||   224

Table legend: (Time is in decaauts)
 A = Elapsed time spent in this place.
 B = Non-inter-level travel time spent in this place.
 C = Inter-level travel time spent in this place.
 D = Time resting spent in this place.
 E = Time spent auto-exploring this place.
 F = Levels seen in this place.
 G = Mean time per level.
                   A        B        C        D        E       F      G
               +--------+--------+--------+--------+--------+-----+--------+
         Total |   8121 |   7846 |    275 |    388 |   4880 |  10 |  812.1 |
       Dungeon |   7867 |   7592 |    275 |    388 |   4637 |   9 |  874.1 |
        Temple |    253 |    253 |      0 |      0 |    243 |   1 |  253.0 |
               +--------+--------+--------+--------+--------+-----+--------+

Top non-repeatable levels by time:
     D:8: 1049 daAuts
     D:7: 1047 daAuts
     D:1: 1046 daAuts
     D:6: 1023 daAuts
     D:4: 946 daAuts
     D:5: 864 daAuts
     D:3: 753 daAuts
     D:2: 568 daAuts
     D:9: 567 daAuts
  Temple: 253 daAuts
